 Dungeon Crawl Stone Soup version 0.28-a0-661-g144af12 (webtiles) character file.

Game seed: 3947242107530871670

20642 porkupine the Fighter (level 12, -12/112 HPs)
             Began as a Palentonga Abyssal Knight on Oct 12, 2021.
             Was a High Priest of Lugonu.
             Mangled by Psyche (16 damage)
             ... on level 12 of the Dungeon on Oct 14, 2021.
             The game lasted 00:59:20 (17393 turns).

porkupine the Fighter (Palentonga Abyssal Knight)  Turns: 17393, Time: 00:59:21

Health: -12/112    AC: 31    Str: 21      XL:     12   Next: 47%
Magic:  18/19      EV:  7    Int: 10 (12) God:    Lugonu [*****.]
Gold:   914        SH:  7    Dex: 14      Spells: 11/11 levels left

rFire   + . .      SeeInvis +   I - +6 mace (vorpal)
rCold   + . .      Faith    +   d - +3 buckler
rNeg    + + .      Spirit   .   f - +2 robe {Will+}
rPois   +          Reflect  .   q - +1 helmet "Toamil" {rN++ Dex+4 Slay-2}
rElec   +          Harm     .   t - +1 cloak
rCorr   +          Rampage  .   g - +1 pair of gloves
Will    +....      Rage     1%  c - +4 barding {Stlth+}
Stlth   +++++++...              p - amulet of faith
HPRegen 0.28/turn               C - ring of Shadows {Umbra +Inv Stlth+}
MPRegen 0.16/turn               M - +4 ring of protection

@: lethally poisoned (-12 -> -15), resistant, on berserk cooldown, slowed,
wreathed by umbra, curled up, very slow
A: large, rugged brown scales 3, see invisible, deformed body, roll 1, armoured
tail, reflexive curl, berserk 1
a: Rolling Charge, Renounce Religion, Evoke Invisibility, Depart the Abyss, Bend
Space, Banish, Corrupt, Enter the Abyss


You were on level 12 of the Dungeon.
You worshipped Lugonu.
Lugonu was extremely pleased with you.
You visited 3 branches of the dungeon, and saw 14 of its levels.
You visited the Abyss 2 times.
You also visited: Ossuary.

You collected 1004 gold pieces.
You spent 90 gold pieces at shops.

Inventory:

Hand Weapons
 a - a +1 broad axe of freezing
 o - a +3 hand axe of flaming
 v - a +0 battleaxe
 I - a +6 vorpal mace (weapon)
 J - a +3 mace of freezing
 K - a +2 antimagic hand axe
 R - a +5 hand axe of freezing
Missiles
 b - 48 poisoned darts
 s - 3 datura-tipped darts
 x - 14 boomerangs of dispersal
 A - 3 javelins
 E - 4 boomerangs
 V - a throwing net
Armour
 c - a +4 barding of stealth (worn)
 d - a +3 buckler (worn)
 f - a +2 robe of willpower (worn)
 g - a +1 pair of gloves (worn)
 q - the +1 helmet "Toamil" (worn) {rN++ Dex+4 Slay-2}
   (You took it off Robin on level 2 of the Dungeon)

   Dex:       It affects your dexterity (+4).
   Slay:      It affects your accuracy & damage with ranged weapons and melee
   (-2).
   rN:        It greatly protects you from negative energy.
 t - a +1 cloak (worn)
 y - a +1 robe of positive energy
 H - +0 swamp dragon scales
Jewellery
 p - an amulet of faith (around neck)
 C - the ring of Shadows (left hand) {Umbra +Inv Stlth+}
   (You found it on level 4 of the Dungeon)

   [ring of stealth]

   It surrounds you with an aura of shadow, increasing your stealth and reducing
   the accuracy of all within it (including the wearer).
   +Inv:      It lets you turn invisible.
   Stlth:     It makes you more stealthy.
 D - a ring of flight
 L - a ring of poison resistance
 M - a +4 ring of protection (right hand)
 Q - a +4 ring of evasion
 S - a +6 ring of strength
Wands
 m - a wand of flame (44)
 w - a wand of iceblast (6)
 T - a wand of mindburst (15)
Scrolls
 e - 6 scrolls of blinking
 i - 3 scrolls of teleportation
 k - a scroll of fog
 l - a scroll of torment
 n - a scroll of immolation
 u - a scroll of fear
 B - a scroll of amnesia
 P - 2 scrolls of identify
 X - a scroll of brand weapon
 Y - a scroll of enchant armour
Potions
 h - 3 potions of curing
 j - a potion of ambrosia
 z - a potion of cancellation
 F - a potion of brilliance
 G - 4 potions of heal wounds
 N - a potion of might
 O - 2 potions of haste
 U - a potion of berserk rage {unknown}
 W - a potion of mutation {unknown}


   Skills:
 * Level 13.5 Fighting
 + Level 8.9(10.0) Axes
 + Level 7.3(9.3) Maces & Flails
 - Level 2.0 Armour
 - Level 1.0 Dodging
 + Level 5.2 Stealth
 - Level 2.4 Shields
 - Level 10.0 Invocations


You had 11 spell levels left.
You didn't know any spells.
Your spell library contained the following spells:

 Spells                   Type           Power      Damage    Failure   Level
 Beastly Appendage        Tmut           0%         N/A       36%         1
 Ensorcelled Hibernation  Hex/Ice        0%         N/A       50%         2
 Passwall                 Tmut/Erth      0%         N/A       50%         2
 Slow                     Hex            0%         N/A       50%         2
 Sublimation of Blood     Necr           0%         N/A       50%         2
 Wereblood                Tmut           0%         N/A       50%         2
 Confusing Touch          Hex            0%         N/A       75%         3
 Gell's Gravitas          Tloc           0%         N/A       75%         3
 Lesser Beckoning         Tloc           0%         N/A       75%         3
 Spider Form              Tmut/Pois      0%         N/A       75%         3
 Swiftness                Air            0%         N/A       75%         3
 Teleport Other           Tloc           0%         N/A       75%         3
 Tukima's Dance           Hex            0%         N/A       75%         3
 Vampiric Draining        Necr           0%         2d6       75%         3
 Hailstorm                Conj/Ice       0%         3d3       98%         4
 Ice Form                 Ice/Tmut       0%         N/A       98%         4
 Petrify                  Tmut/Erth      0%         N/A       98%         4
 Metabolic Englaciation   Hex/Ice        0%         N/A       100%        5
 Invisibility             Hex            0%         N/A       100%        6
 Simulacrum               Ice/Necr       0%         N/A       100%        6
 Statue Form              Tmut/Erth      0%         N/A       100%        6
 Summon Hydra             Summ           0%         N/A       100%        7


Dungeon Overview and Level Annotations

Branches:
Dungeon (12/15)            Temple (1/1) D:6            Lair (0/6) D:10
    Orc (1/2) D:11        Ossuary (visited)

Altars:
Cheibriados
Gozag
Makhleb
Nemelex Xobeh
Ru
Vehumet
Xom
The Shining One

Shops:
D:6 ?   D:9 (

Annotations:
D:12 Psyche


Innate Abilities, Weirdness & Mutations

You are completely covered in rugged brown scales. (AC +3, +7% HP)
You have supernaturally acute eyesight. (SInv)
Armour fits poorly on your strangely shaped body.
You can roll at nearby foes to attack.
You have a long armoured tail.
You curl defensively after being hit.
You tend to lose your temper in combat.


Message History

You feel sick. The hornet stings you.
The hornet stings you but does no damage.
You closely miss the hornet.
Your tail-slap misses the hornet.
The hornet is almost dead.
You feel sick.
You are no longer poisoned.
The hornet closely misses you. The hornet stings you.
You hit the hornet.
The hornet is almost dead.
The hornet stings you but does no damage. x2
A thrashing horror comes into view.
The thrashing horror roars!
You sock the hornet!
You kill the hornet!
You block the scorpion's attack.
You feel your intelligence returning.
You sock the scorpion!
The scorpion is almost dead.
The scorpion stings you!
* * * LOW HITPOINT WARNING * * *
You are poisoned.
The scorpion poisons you!
The scorpion stings you but does no damage.
The thrashing horror tramples you.
* * * LOW HITPOINT WARNING * * *
You hold your ground!
The thrashing horror tramples you but does no damage.
Unknown command.
You pass through the gate.
Welcome back to the Dungeon!
Level annotation: Psyche You feel very sick.
The large slime creature hits you!!
* * * LOW HITPOINT WARNING * * *
A large slime creature splits.
Psyche gestures wildly while chanting.
Psyche flickers and vanishes for a moment.
You block the slime creature's attack. Psyche hits you but does no damage.
Space warps horribly around you!
You die...

#....#....# ... ......
#....#....# .. ...... #....'..(.#
. ...... #....#....# ......
#....#....# ......
#######.####'####################
#..........#.....................
#..........#.....................
#..........#...@@........J.......
+..........#....JJ...............
#..........#.....................
#..........#.....................
#..........#.......#......######.
####..##############......#......
#...............#......#......
#...............#......#......
#...............#......#......


You could see 2 slime creatures and Psyche (invisible).

Vanquished Creatures
  Josephine (D:11)
  A boulder beetle (D:11)
  2 two-headed ogres
  Nergalle (D:11)
  2 skeletal warriors (D:10)
  4 cyclopes
  A manticore (D:11)
  2 unseen horrors (D:11)
  4 trolls
  3 hornets (Abyss:2)
  Grinder (D:3)
  2 shadows (D:11)
  A vampire (D:6)
  7 wraiths
  12 yaks
  A wyvern (D:9)
  A basilisk (D:12)
  A neqoxec (Abyss:2)
  8 vampire mosquitoes
  2 acid dragons
  A swamp drake (D:10)
  6 orc warriors
  An ice beast (D:6)
  2 sky beasts
  A black bear (D:8)
  A wolf (D:10)
  3 necrophages
  3 ogres
  A phantom (D:6)
  3 centaurs
  3 kobold brigands
  11 scorpions
  A gnoll sergeant (D:5)
  A water moccasin skeleton (D:4)
  8 killer bees
  3 howler monkeys
  15 wights
  3 centaur skeletons
  2 centaur zombies
  12 hounds
  A jelly (D:5)
  A bullfrog zombie (D:6)
  10 orc priests
  A gnoll shaman (D:8)
  Terence (D:2)
  2 iguanas
  8 orc wizards
  A killer bee zombie (D:6)
  A hound zombie (Ossuary)
  2 hound skeletons (D:5)
  4 mummies (Ossuary)
  A howler monkey zombie (D:5)
  Robin (D:2)
  10 gnolls
  4 adders (D:2)
  2 white imps (D:6)
  An adder zombie (Ossuary)
  5 worms
  3 dart slugs
  37 orcs
  2 spectral bats (Abyss:2)
  7 ball pythons
  9 bats
  8 endoplasms
  3 giant cockroaches
  A gnoll zombie (Ossuary)
  2 hobgoblins
  5 jackals
  4 quokkas
  3 training dummies (D:9)
  10 goblins
  3 goblin zombies (Ossuary)
  4 jackal zombies (Ossuary)
  21 kobolds
  A kobold zombie (Ossuary)
  3 rats
  A rat zombie (Ossuary)
321 creatures vanquished.

Vanquished Creatures (collateral kills)
  2 killer bees (D:8)
  An orc (D:8)
3 creatures vanquished.

Vanquished Creatures (others)
  13 plants (D:1)
13 creatures vanquished.

Grand Total: 337 creatures vanquished

Notes
Turn   | Place    | Note
-------+----------+-------------------------------------------
     0 | Abyss:1  | porkupine the Palentonga Abyssal Knight began the quest for
                  | the Orb.
     0 | Abyss:1  | Reached XP level 1. HP: 19/19 MP: 2/2
    27 | Abyss:2  | Noticed a small abomination
    47 | D:1      | Escaped the Abyss
   431 | D:1      | Reached XP level 2. HP: 25/25 MP: 3/3
   459 | D:1      | Reached * piety under Lugonu
   911 | D:1      | Found a faded altar of an unknown god.
  1068 | D:2      | Reached XP level 3. HP: 13/31 MP: 4/4
  1340 | D:2      | Noticed Terence
  1346 | D:2      | Killed Terence
  1347 | D:2      | Reached skill level 4 in Fighting
  1665 | D:2      | Reached XP level 4. HP: 27/39 MP: 6/6
  1758 | D:2      | Reached ** piety under Lugonu
  2051 | D:2      | Identified the +1 helmet "Toamil" {rN++ Dex+4 Slay-2}
  2051 | D:2      | Noticed Robin
  2067 | D:2      | Killed Robin
  2403 | D:3      | Reached XP level 5. HP: 46/46 MP: 7/7
  2411 | D:3      | Identified a scroll of acquirement
  2412 | D:3      | Acquired a +2 barding of stealth
  2452 | D:3      | Noticed Grinder
  2473 | D:3      | Paralysed by Grinder for 4 turns
  2478 | D:3      | Killed Grinder
  2479 | D:3      | Reached skill level 5 in Fighting
  2479 | D:3      | Reached skill level 1 in Axes
  2479 | D:3      | Reached XP level 6. HP: 35/54 MP: 7/9
  3152 | D:4      | Reached skill level 6 in Fighting
  3228 | D:4      | Found a burning altar of Makhleb.
  3229 | D:4      | Found a glowing golden altar of the Shining One.
  3230 | D:4      | Found a sacrificial altar of Ru.
  3231 | D:4      | Found a shimmering altar of Xom.
  3273 | D:4      | Gained mutation: You curl defensively after being hit.
                  | [Palentonga growth]
  3273 | D:4      | Reached XP level 7. HP: 62/62 MP: 10/10
  3812 | D:4      | Found the ring of Shadows {Umbra +Inv Stlth+}
  3936 | D:5      | Entered Level 5 of the Dungeon
  3951 | D:5      | Reached *** piety under Lugonu
  4051 | D:5      | Found a sand-covered staircase.
  4056 | Ossuary  | Entered an ossuary
  4078 | Ossuary  | Reached skill level 5 in Invocations
  4401 | D:5      | Reached skill level 1 in Stealth
  4403 | D:5      | Reached skill level 7 in Fighting
  4608 | D:5      | Reached XP level 8. HP: 71/71 MP: 10/12
  5939 | D:5      | Reached skill level 1 in Dodging
  6625 | D:6      | Found a staircase to the Ecumenical Temple.
  6642 | D:6      | Reached skill level 1 in Shields
  6754 | Temple   | Entered the Ecumenical Temple
  6839 | D:6      | Reached **** piety under Lugonu
  6918 | D:6      | Reached skill level 8 in Fighting
  7200 | D:6      | Reached XP level 9. HP: 56/80 MP: 13/13
  7391 | D:6      | Found Jomomp's Magic Scroll Shop.
  7416 | D:6      | Bought a scroll of enchant armour for 90 gold pieces
  7440 | D:6      | Found a radiant altar of Vehumet.
  7632 | D:7      | Found a snail-covered altar of Cheibriados.
  8268 | D:7      | Reached skill level 5 in Axes
  8472 | D:7      | Reached skill level 9 in Fighting
  9205 | D:8      | Reached ***** piety under Lugonu
  9557 | D:9      | Noticed a two-headed ogre
  9569 | D:8      | Killed a two-headed ogre
  9570 | D:8      | Reached XP level 10. HP: 50/90 MP: 15/15
  9737 | D:9      | Reached skill level 10 in Fighting
 10201 | D:9      | Acquired the +9 staff of Wucad Mu {*channel}
 10201 | D:9      | Found the +9 staff of Wucad Mu {*channel}
 10449 | D:9      | Found Xiuck's Firing Range.
 10505 | D:9      | Noticed a two-headed ogre
 10518 | D:9      | Killed a two-headed ogre
 11025 | D:10     | Entered Level 10 of the Dungeon
 11111 | D:10     | Found a staircase to the Lair.
 11524 | D:10     | Noticed a purple ugly thing
 11563 | D:10     | Reached skill level 11 in Fighting
 11665 | D:10     | Banished a purple ugly thing
 11666 | D:10     | Reached XP level 11. HP: 81/99 MP: 8/17
 12339 | D:11     | Noticed a boulder beetle
 12355 | D:11     | Noticed Nergalle
 12409 | D:10     | Reached skill level 5 in Maces & Flails
 12602 | D:11     | Killed Nergalle
 12684 | D:11     | Killed a boulder beetle
 12983 | D:11     | Noticed Josephine
 13007 | D:11     | Killed Josephine
 13008 | D:11     | Reached skill level 12 in Fighting
 14032 | D:11     | Found a staircase to the Orcish Mines.
 14362 | D:11     | Noticed a skeletal warrior
 14402 | D:11     | Noticed a skeletal warrior
 14473 | Orc:1    | Entered Level 1 of the Orcish Mines
 14489 | Orc:1    | Reached XP level 12. HP: 109/110 MP: 19/19
 14918 | D:11     | Noticed a death knight
 14956 | D:10     | HP: 4/110 [skeletal warrior[a death knight] (7)]
 15333 | D:10     | Upgraded the game from 0.28-a0-657-g71136c5 to
                  | 0.28-a0-661-g144af12
 16022 | D:10     | Reached skill level 13 in Fighting
 16022 | D:10     | Reached skill level 10 in Invocations
 17235 | D:12     | Noticed Psyche
 17237 | D:12     | Reached skill level 5 in Stealth
 17238 | D:12     | Cast into level 1 of the Abyss (Psyche)
 17274 | Abyss:2  | Noticed a vampire knight
 17334 | Abyss:2  | Gained mutation: You tend to lose your temper in combat. [a
                  | neqoxec]
 17393 | D:12     | Escaped the Abyss
 17393 | D:12     | HP: 4/112 [large slime creature (23)]
 17393 | D:12     | Mangled by Psyche

Illustrated notes

Levels and vault maps discovered:
D:1:      minmay_arrival_nine_rooms, layout_loops_ring,
          ebering_ecumenical_altar_mist, serial_bayou_lake_a
D:2:      layout_loops_ring, grunt_decor_clamped, minmay_circle_x, uniq_terence,
          uniq_robin
D:3:      layout_rooms, serial_curves, eino_curves_01, eino_curves_02,
          uniq_grinder
D:4:      kennysheep_spiral_hall, layout_gridville,
          mainiacjoe_overflow_alcove_3, glass_columns_b
D:5:      layout_basic, enter_ossuary_5, minmay_misc_feat_four_crosses,
          st_stairs_12, minmay_puff
D:6:      layout_rooms, mainiacjoe_overflow_alcove_2,
          minmay_temple_entry_proselytizer, serial_shops, shop,
          dk_noncrumbling_3, minmay_unpleasant_kobolds
D:7:      layout_rooms, mainiacjoe_overflow_tiny_flanked
D:8:      layout_rooms
D:9:      layout_rooms, nicolae_shop_firing_range
D:10:     layout_roguey, erik_lair_island
D:11:     layout_stronghold, erik_orc_1, kennysheep_generic_room_5,
          uniq_nergalle, uniq_josephine
D:12:     layout_grid_maze, slow_altar_2, uniq_psyche
Temple:   eino_temple_scatter_basement
Orc:1:    orc_temple, layout_diamond_mine, nicolae_shop_clearance, uniq_sonja

Skill      XL: |  1  2  3  4  5  6  7  8  9 10 11 12 |
---------------+-------------------------------------+-----
Fighting       | 4 5 6 7 8 9 11 12 13 | 13.5
Invocations    | 3 4 5 6 7 8 9 10 | 10.0
Axes           | 1 2 3 4 5 6 8 |  8.9
Stealth        | 1 2 3 4 5 |  5.2
Dodging        | 1 |  1.0
Armour         | 2 |  2.0
Shields        | 2 |  2.4
Maces & Flails | 3 4 6 7 |  7.3

Action                   |  1- 3 |  4- 6 |  7- 9 | 10-12 || total
-------------------------+-------+-------+-------+-------++-------
Melee: Mace              |    73 |       |   119 |   716 ||   908
       Tailslap          |     1 |    17 |    89 |   159 ||   266
       Hand axe          |     8 |   146 |   392 |       ||   546
       Staff             |       |       |       |    31 ||    31
Throw: Dart              |       |       |       |     3 ||     3
       Throwing net      |       |       |       |     1 ||     1
       Boomerang         |       |       |       |     1 ||     1
Invok: Depart the Abyss  |     1 |       |       |     1 ||     2
       Bend Space        |       |       |     1 |     1 ||     2
       Banish            |       |       |       |     5 ||     5
 Abil: Rolling Charge    |    22 |    28 |    58 |    59 ||   167
Evoke: Wand              |       |       |     3 |       ||     3
  Use: Potion            |     1 |       |     2 |     2 ||     5
       Scroll            |       |     7 |    20 |     2 ||    29
 Stab: Distracted        |     1 |       |       |       ||     1
       Sleeping          |       |       |       |     1 ||     1
Armor: Chain mail        |    44 |    86 |   280 |       ||   410
       Swamp dragon scal |       |       |   133 |   381 ||   514
       Robe              |       |       |     1 |    85 ||    86
Dodge: Dodged            |    15 |    35 |   127 |   216 ||   393
Block: Buckler           |       |       |   151 |   259 ||   410

Table legend: (Time is in decaauts)
 A = Elapsed time spent in this place.
 B = Non-inter-level travel time spent in this place.
 C = Inter-level travel time spent in this place.
 D = Time resting spent in this place.
 E = Time spent auto-exploring this place.
 F = Levels seen in this place.
 G = Mean time per level.
                   A        B        C        D        E       F      G
               +--------+--------+--------+--------+--------+-----+--------+
         Total |  17671 |  17113 |    558 |   2447 |  11236 |  19 |  930.1 |
       Dungeon |  17045 |  16488 |    557 |   2447 |  10933 |  12 | 1420.4 |
        Temple |      9 |      9 |      0 |      0 |      0 |   1 |    9.0 |
  Orcish Mines |    134 |    134 |      0 |      0 |     43 |   1 |  134.0 |
         Abyss |    209 |    209 |      0 |      0 |     30 |   4 |   52.2 |
       Ossuary |    272 |    272 |      0 |      0 |    229 |   1 |  272.0 |
               +--------+--------+--------+--------+--------+-----+--------+

Top non-repeatable levels by time:
    D:10: 3181 daAuts
    D:11: 2442 daAuts
     D:4: 1845 daAuts
     D:5: 1474 daAuts
     D:6: 1426 daAuts
     D:8: 1351 daAuts
     D:2: 1250 daAuts
     D:1: 1182 daAuts
     D:9: 1011 daAuts
     D:7: 697 daAuts
     D:3: 643 daAuts
    D:12: 537 daAuts
 Ossuary: 272 daAuts
 Abyss:2: 161 daAuts
   Orc:1: 134 daAuts
